 Dungeon Crawl Stone Soup version 0.30-a0-169-g06f667207d (webtiles) character file.

Game seed: 9103296562729214949

1697 Decritt the Fighter (level 9, -1/70 HPs)
             Began as a Djinni Conjurer on Sept 30, 2022.
             Was a Follower of Makhleb.
             Slain by Pikel
             ... wielding a +0 whip of freezing
              (6 damage)
             ... on level 6 of the Dungeon.
             The game lasted 00:16:49 (9333 turns).

Decritt the Fighter (Djinni Conjurer)               Turns: 9333, Time: 00:16:50

Health: -1/70      AC:  6    Str:  6    XL:     9   Next: 23%
Gold:   365        EV: 12    Int: 23    God:    Makhleb [*.....] SH:  7 Dex: 13

rFire   + + .      SeeInvis .    l - +1 spear
rCold   . . .      Faith    .    c - +2 buckler
rNeg    . . .      Spirit   .    a - +1 robe
rPois   ∞          Reflect  .    (no helmet)
rElec   .          Harm     .    t - +0 cloak
rCorr   .          Rampage  .    h - +1 pair of gloves
Will    .....                    (boots unavailable)
Stlth   ++........               (no amulet)
HPRegen 0.21/turn                k - ring of protection from cold
MPRegen 0.00/turn                (no ring)

@: flying
A: sickness immunity, fire resistance 2, cold vulnerability 1, float, innate
caster, HP casting, extra vitality 1
a: Renounce Religion


You were on level 6 of the Dungeon.
You worshipped Makhleb.
Makhleb was aware of your devotion.
You visited 2 branches of the dungeon, and saw 7 of its levels.

You collected 365 gold pieces.

Inventory:

Hand Weapons
 l - a +1 spear (weapon)
Missiles
 g - a throwing net
Armour
 a - a +1 robe (worn)
 c - a +2 buckler (worn)
 h - a +1 pair of gloves (worn)
 t - a +0 cloak (worn)
 v - a +0 leather armour
Jewellery
 k - a ring of protection from cold (left hand)
 s - a ring of ice
Scrolls
 j - a scroll of enchant weapon
 n - 2 scrolls of magic mapping
 o - 2 scrolls of fear
 q - 2 scrolls of poison
 r - a scroll of identify
Potions
 b - 3 potions of heal wounds
 d - a potion of curing
 e - 2 potions of magic
 f - a potion of haste
 i - a potion of might
 m - a potion of lignification
 p - 2 potions of mutation
 u - 2 potions of degeneration {unknown}


   Skills:
 * Level 8.1 Fighting
 + Level 2.4 Armour
 + Level 2.3 Dodging
 - Level 1.5 Stealth
 + Level 3.9 Shields
 + Level 5.4 Spellcasting


You couldn't memorise any spells.
You knew the following spells:

 Your Spells              Type           Power      Damage    Failure   Level
a - Magic Dart            Conj           100%       1d8       1%          1
b - Searing Ray           Conj           62%        2d6       1%          2
c - Iskenderun's Mystic   Conj/Tloc      31%        2d8       12%         4
d - Fulminant Prism       Conj/Hex       15%        3d11      12%         4
e - Dazzling Flash        Conj/Hex       62%        N/A       3%          3
f - Kiss of Death         Conj/Necr      100%       2d13      1%          1
g - Call Imp              Summ           31%        N/A       1%          2
h - Inner Flame           Hex/Fire       31%        N/A       3%          3
i - Call Canine Familiar  Summ           31%        N/A       3%          3
Your spell library was empty.

Dungeon Overview and Level Annotations

Branches:
Dungeon (6/15)             Temple (1/1) D:4

Altars:
Ashenzari
Cheibriados
Elyvilon
Fedhas
Gozag
Hepliaklqana
Makhleb
Nemelex Xobeh
Okawaru
Qazlal
Ru
Uskayaw
Wu Jian
Xom
Yredelemnul
Zin
The Shining One

Shops:
D:1 =   D:2 (

Annotations:
D:6 Pikel


Innate Abilities, Weirdness & Mutations

You are immune to sickness and miasma.
You are immune to poison.
Your flesh is very heat resistant. (rF++)
You are vulnerable to cold. (rC-)
You float through the air rather than walking.
You learn spells naturally, not from books.
Your magical power is your life essence.
You have superior vitality. (+4 MHP)


Message History

Casting: Searing Ray (safe; 1% risk of failure)
Confirm with . or Enter, or press ? or * to list all spells.
Aiming: Magic Dart (safe; 1% risk of failure)
Press: ? - help, Shift-Dir - straight line, f/p - lemure
Aim: a lemure (severely wounded, 100% to hit)
The magic dart hits Pikel.
Pikel is almost dead.
* * * LOW HITPOINT WARNING * * *
You block Pikel's attack.
Casting: Magic Dart (safe; 1% risk of failure)
Confirm with . or Enter, or press ? or * to list all spells.
Aiming: Magic Dart (safe; 1% risk of failure)
Press: ? - help, Shift-Dir - straight line, f/p - lemure
Aim: a lemure (severely wounded, 100% to hit)
The magic dart hits Pikel but does no damage.
Pikel is almost dead.
* * * LOW HITPOINT WARNING * * *
You block Pikel's attack.
Casting: Magic Dart (safe; 1% risk of failure)
Confirm with . or Enter, or press ? or * to list all spells.
Aiming: Magic Dart (safe; 1% risk of failure)
Press: ? - help, Shift-Dir - straight line, f/p - lemure
Aim: a lemure (severely wounded, 100% to hit)
The magic dart hits Pikel but does no damage.
Pikel is almost dead.
* * * LOW HITPOINT WARNING * * *
Pikel barely misses you.
Casting: Magic Dart (safe; 1% risk of failure)
Confirm with . or Enter, or press ? or * to list all spells.
Aiming: Searing Ray (safe; 1% risk of failure)
Press: ? - help, Shift-Dir - straight line, f/p - lemure
Aim: a lemure (severely wounded, 74% to hit)
The searing ray hits Pikel.
Pikel is almost dead.
The searing ray hits the lemure.
The lemure is almost dead. (Press . to maintain the ray.)
* * * LOW HITPOINT WARNING * * *
Pikel hits you with a +0 whip of freezing.
You die...

..... .. ..># ##.## ....
...# #..# ##..## #5.#
#....# #5K# #....# #..#
#....###..##
#....@K55..# #######
#....###.#.# #.....#
#....###.....#
#.....#####............#
#.....#....########....#
##.....#....# ##.....
............+ ....#.
##.....#....# ###..#.
#######....# #....


You could see Pikel and 2 lemures.

Vanquished Creatures
  A hornet (D:5)
  Sigmund (D:2)
  A black bear (D:5)
  An ogre (D:5)
  2 lemures (D:6)
  2 phantoms
  Blork the orc (D:5)
  4 scorpions
  4 orc priests
  4 hounds
  Crazy Yiuf (D:5)
  4 iguanas
  4 orc wizards
  5 adders
  3 gnolls
  A white imp (D:6)
  3 ufetubi
  3 worms
  4 dart slugs
  23 orcs
  6 ball pythons
  3 bats
  11 endoplasms
  4 giant cockroaches
  6 goblins
  5 hobgoblins
  9 jackals
  7 kobolds
  4 quokkas
  4 frilled lizards
  6 rats
  2 fulminant prisms (D:5)
139 creatures vanquished.

Vanquished Creatures (others)
  3 fulminant prisms (D:5)
3 creatures vanquished.

Grand Total: 142 creatures vanquished

Notes
Turn   | Place    | Note
-------+----------+-------------------------------------------
     0 | D:1      | Decritt the Djinni Conjurer began the quest for the Orb.
     0 | D:1      | Decritt set off with the following spells memorised: Magic
                  | Dart, Searing Ray, Dazzling Flash, Fulminant Prism,
                  | Iskenderun's Mystic Blast.
     0 | D:1      | Reached XP level 1. HP: 15/15 MP: 0/0
    21 | D:1      | Found Texzouj's Jewellery Shoppe.
   221 | D:1      | Reached skill level 1 in Fighting
   245 | D:1      | Reached XP level 2. HP: 18/22 MP: 0/0
  1579 | D:2      | Noticed Sigmund
  1972 | D:2      | Reached XP level 3. HP: 25/28 MP: 0/0
  1972 | D:2      | Learned a level 1 spell: Kiss of Death
  2017 | D:2      | Found Tomeigho's Antique Weapon Shop.
  2038 | D:2      | Reached skill level 2 in Fighting
  2817 | D:2      | Reached XP level 4. HP: 30/34 MP: 0/0
  2865 | D:2      | Found a faded altar of an unknown god.
  3161 | D:2      | Killed Sigmund
  3162 | D:2      | Reached skill level 4 in Fighting
  3162 | D:2      | Reached XP level 5. HP: 34/42 MP: 0/0
  3162 | D:2      | Learned a level 2 spell: Call Imp
  3162 | D:2      | Reached XP level 6. HP: 39/48 MP: 0/0
  4183 | D:3      | Found a snail-covered altar of Cheibriados.
  4311 | D:3      | Found a hide-covered altar of Uskayaw.
  4791 | D:3      | Reached skill level 5 in Fighting
  5055 | D:4      | Noticed an ogre
  5420 | D:3      | Reached XP level 7. HP: 40/54 MP: 0/0
  5420 | D:3      | Learned a level 3 spell: Inner Flame
  6116 | D:4      | Reached skill level 1 in Shields
  6581 | D:4      | Reached skill level 6 in Fighting
  6672 | D:4      | Found a staircase to the Ecumenical Temple.
  6687 | Temple   | Entered the Ecumenical Temple
  6904 | Temple   | Became a worshipper of Makhleb the Destroyer
  7256 | D:4      | Reached XP level 8. HP: 33/62 MP: 0/0
  7442 | D:5      | Entered Level 5 of the Dungeon
  7525 | D:5      | Noticed a hornet
  7805 | D:5      | Reached skill level 5 in Spellcasting
  7827 | D:5      | Reached skill level 7 in Fighting
  7937 | D:5      | Killed a hornet
  7938 | D:5      | Reached skill level 1 in Armour
  8352 | D:5      | Reached XP level 9. HP: 64/68 MP: 0/0
  8352 | D:5      | Learned a level 3 spell: Call Canine Familiar
  8379 | D:5      | Reached * piety under Makhleb
  8910 | D:5      | Found a runed translucent door.
  8911 | D:5      | Noticed Crazy Yiuf
  8916 | D:5      | Killed Crazy Yiuf
  9001 | D:5      | Noticed Blork the orc
  9009 | D:5      | Killed Blork the orc
  9010 | D:5      | Reached skill level 8 in Fighting
  9300 | D:6      | Noticed Pikel
  9333 | D:6      | Slain by Pikel

Illustrated notes

Levels and vault maps discovered:
D:1:      dpeg_arrival_rooms_c, layout_basic, serial_shops, shop,
          corexii_item_surrounded_by_moat, st_stairs_13, feat_on_display
D:2:      minmay_skewed_foursquare, layout_basic, serial_shops,
          nicolae_shop_trees, shapermc_ecumenical_altar_mp_highgroup,
          hex_intersection, uniq_sigmund
D:3:      layout_basic, lemuel_crystal_altar, cheibrodos_worm_habitat,
          minmay_misc_feat_tower
D:4:      layout_basic, kiku_gazebo_pond_becter, minmay_temple_entry_poolview,
          minmay_divided_ellipse
D:5:      layout_rooms, uniq_blork_the_orc, uniq_crazy_yiuf_cottage
D:6:      layout_basic, serial_shops, shop_fountains, uniq_pikel
Temple:   bh_familiar_temple

Skill      XL: |  1  2  3  4  5  6  7  8  9 |
---------------+----------------------------+-----
Fighting       | 1 2 4 5 6 7 8 |  8.1
Spellcasting   | 4 5 |  5.4
Shields        | 2 3 |  3.9
Armour         | 1 2 |  2.4
Dodging        | |  2.3
Stealth        | |  1.5

Action                   |  1- 3 |  4- 6 |  7- 9 || total
-------------------------+-------+-------+-------++-------
Melee: Unarmed           |     2 |       |       ||     2
       Spear             |    12 |     5 |       ||    17
 Cast: Magic Dart        |    72 |    90 |   167 ||   329
       Searing Ray       |       |     5 |    26 ||    31
       Fulminant Prism   |       |       |     5 ||     5
       Iskenderun's Myst |       |       |     8 ||     8
       Inner Flame       |       |       |     2 ||     2
       Call Canine Famil |       |       |     1 ||     1
  Use: Scroll            |     8 |     8 |     5 ||    21
       Potion            |       |       |     1 ||     1
 Stab: Sleeping          |     1 |       |       ||     1
Armor: Robe              |     3 |     1 |    16 ||    20
Dodge: Dodged            |    10 |    20 |    37 ||    67
Block: Buckler           |       |       |    32 ||    32

Table legend: (Time is in decaauts)
 A = Elapsed time spent in this place.
 B = Non-inter-level travel time spent in this place.
 C = Inter-level travel time spent in this place.
 D = Time resting spent in this place.
 E = Time spent auto-exploring this place.
 F = Levels seen in this place.
 G = Mean time per level.
                   A        B        C        D        E       F      G
               +--------+--------+--------+--------+--------+-----+--------+
         Total |   9335 |   9099 |    236 |   2967 |   5225 |   7 | 1333.6 |
       Dungeon |   9089 |   8906 |    183 |   2967 |   5039 |   6 | 1514.8 |
        Temple |    245 |    192 |     53 |      0 |    186 |   1 |  245.0 |
               +--------+--------+--------+--------+--------+-----+--------+

Top non-repeatable levels by time:
     D:2: 2211 daAuts
     D:4: 1928 daAuts
     D:1: 1897 daAuts
     D:5: 1463 daAuts
     D:3: 1389 daAuts
  Temple: 245 daAuts
     D:6: 199 daAuts
